 Dungeon Crawl Stone Soup version 0.20.1-1-g8b1a95d (webtiles) character file.

2713 pstr the Magician (level 9, -5/49 HPs)
             Began as a Kobold Earth Elementalist on Dec 1, 2017.
             Was a Believer of Vehumet.
             Slain by a hog (13 damage)
             ... on level 6 of the Dungeon.
             The game lasted 00:22:50 (8785 turns).

pstr the Magician (Kobold Earth Elementalist)       Turns: 8785, Time: 00:22:50

Health: -5/49      AC:  6    Str:  5    XL:     9   Next: 98%
Magic:  6/20       EV: 16    Int: 17    God:    Vehumet [**....]
Gold:   354        SH:  0    Dex: 16    Spells: 12/23 levels left

rFire    + . .     SeeInvis .   A - staff of fire
rCold    . . .     Gourm    .   (shield currently unavailable)
rNeg     . . .     Faith    .   i - +0 leather armour
rPois    .         Spirit   .   y - +0 helmet
rElec    .         Reflect  .   (no cloak)
rCorr    .         Harm     .   E - +0 pair of gloves
MR       .....     Clarity  +   o - +0 pair of boots
Stlth    +++.......             (no amulet)
Regen    0.2/turn               a - ring of wizardry
MPRegen  0.2/turn               n - ring of wizardry

@: no status effects
A: carnivore 3, clarity, dopey 1, MP-powered wands
a: Renounce Religion


You were on level 6 of the Dungeon.
You worshipped Vehumet.
Vehumet was pleased with you.
You were very full.

You visited 1 branch of the dungeon, and saw 7 of its levels.

You collected 354 gold pieces.

Inventory:

Hand Weapons
 d - a +1 mace
 r - a +0 dagger
Missiles
 b - 163 stones (quivered)
Armour
 c - a +0 robe
 i - a +0 leather armour (worn)
 o - a +0 pair of boots (worn)
 y - a +0 helmet (worn)
 E - a +0 pair of gloves (worn)
Magical Staves
 A - an uncursed staff of fire (weapon)
Jewellery
 a - a ring of wizardry (left hand)
 f - an uncursed ring of poison resistance
 n - a ring of wizardry (right hand)
 s - a +3 ring of dexterity
Wands
 v - a wand of paralysis (12/24)
 w - a wand of lightning (8/15)
Scrolls
 g - a scroll of amnesia
 h - 4 scrolls of identify
 k - 3 scrolls of remove curse
 m - a scroll of fear
 x - 2 scrolls of magic mapping {unknown}
Potions
 j - a potion of agility
 l - a potion of heal wounds
 q - 2 potions of ambrosia
 t - a potion of might
 z - 2 potions of haste
 B - a potion of brilliance {unknown}
Books
 e - a book of Geomancy

   Spells                             Type                      Level
   a - Sandblast                      Earth                        1
   b - Passwall                       Transmutation/Earth          2
   c - Stone Arrow                    Conjuration/Earth            3
   d - Petrify                        Transmutation/Earth          4
   e - Lee's Rapid Deconstruction     Earth                        5
Comestibles
 p - 4 chunks of flesh
 u - 2 royal jellies
 C - 2 meat rations


   Skills:
 + Level 2.4 Fighting
 + Level 1.6 Maces & Flails
 + Level 2.9 Armour
 + Level 4.2 Dodging
 + Level 4.2 Stealth
 + Level 7.5 Spellcasting
 + Level 5.2 Conjurations
   Level 1.0 Transmutations
 + Level 7.3 Earth Magic


You had 12 spell levels left.
You knew the following spells:

 Your Spells              Type           Power        Failure   Level  Hunger
a - Sandblast             Erth           ####..       1%          1    None
b - Stone Arrow           Conj/Erth      ####..       1%          3    ##.....
c - Throw Frost           Conj/Ice       ###...       2%          2    None
d - Lee's Rapid Deconstr  Erth           ####......   7%          5    #####..


Dungeon Overview and Level Annotations

Branches:
Dungeon (7/15)
 Temple: D:4-7

Altars:
Ashenzari
Makhleb
Vehumet
Xom
Yredelemnul


Innate Abilities, Weirdness & Mutations

You are small and have problems with some larger weapons.
You are carnivorous and can eat meat at any time.
You possess an exceptional clarity of mind.
You are dopey. (Int -2)
You expend magic power (3 MP) to strengthen your wands.


Message History

The blast of sand hits the hog.
The hog is moderately wounded.
b - 164 stones The hog bites you!
* * * LOW HITPOINT WARNING * * *
The hog bites you.
* * * LOW HITPOINT WARNING * * *
There is a stone staircase leading up here.
You climb upwards.
There is a stone staircase leading down here.
Casting: Sandblast
Confirm with . or Enter, or press ? or * to list all spells.
Aiming: Sandblast
Press: ? - help, Shift-Dir - straight line, f - hog
Aim: a hog (moderately wounded)
The blast of sand hits the hog.
The hog is severely wounded.
b - 163 stones The hog barely misses you.
The hog bites you!
You die...

#.......# #.#####.#
#...# #.# ###########.#
#.# #......# #.###.#
#......####...#.#
#...........#.#.#
########.#.....h.#.#
.)..............@#.####
####.......#.#...#....#
.........###..<..#.##.#
###..(...###.#...#.##.#
.....######..#...####.#
...#.## #.##...####.#
...#..# #.##........#
...##.## #.##..####..#
...##..# #.##..####..#


You could see a hog.

Vanquished Creatures
  The ghost of manon the Thaumaturge, a novice DEWz of Vehumet (D:6)
  The ghost of Schiappus the Chopper, a novice BaBe of Trog (D:4)
  Sigmund (D:6)
  A hog (D:7)
  A human (D:7)
  Menkaure (D:5)
  A sky beast (D:5)
  2 ice beasts
  2 ogres (D:4)
  A bullfrog (D:6)
  3 scorpions
  A crimson imp (D:6)
  A bullfrog zombie (D:5)
  A quasit (D:6)
  2 hounds
  A jelly (D:5)
  An orc priest (D:3)
  3 bullfrog skeletons
  2 orc wizards (D:6)
  Natasha (thrice) (D:3)
  2 iguanas
  3 worker ants
  2 hound skeletons (D:5)
  A worker ant zombie (D:6)
  2 howler monkey skeletons (D:5)
  10 adders
  An adder zombie (D:5)
  A worm (D:5)
  8 leopard geckos
  15 orcs
  4 ball pythons
  4 giant cockroaches
  9 goblins
  5 hobgoblins
  10 jackals
  A quokka (D:3)
  5 bats
  5 frilled lizards
  A jackal zombie (D:5)
  9 kobolds
  A leopard gecko skeleton (D:4)
  2 rats
131 creatures vanquished.

Notes
Turn   | Place    | Note
-------+----------+-------------------------------------------
     0 | D:1      | pstr the Kobold Earth Elementalist began the quest for the Orb.
     0 | D:1      | Reached XP level 1. HP: 10/10 MP: 3/3
   220 | D:1      | Reached XP level 2. HP: 15/15 MP: 1/5
   681 | D:1      | Reached XP level 3. HP: 19/19 MP: 4/6
   686 | D:1      | Learned a level 3 spell: Stone Arrow
   792 | D:1      | You fall through a shaft!
   924 | D:3      | Noticed Natasha
  1774 | D:2      | Found a basalt altar of Yredelemnul.
  2537 | D:2      | Reached XP level 4. HP: 24/24 MP: 0/8
  2714 | D:3      | Killed Natasha
  2888 | D:3      | Reached skill level 1 in Conjurations
  2888 | D:3      | Reached XP level 5. HP: 28/28 MP: 2/10
  3322 | D:3      | Noticed Natasha
  3326 | D:3      | Killed Natasha
  3415 | D:3      | Noticed Natasha
  3418 | D:3      | Killed Natasha
  3782 | D:2      | Reached XP level 6. HP: 33/33 MP: 7/11
  3872 | D:3      | Reached skill level 1 in Armour
  3982 | D:3      | Found a faded altar of an unknown god.
  3991 | D:3      | Became a worshipper of Vehumet
  3991 | D:3      | Reached * piety under Vehumet
  3991 | D:3      | Offered knowledge of Freeze by Vehumet.
  4367 | D:4      | Found a shattered altar of Ashenzari.
  4445 | D:4      | Noticed Schiappus's ghost (novice BaBe)
  4718 | D:4      | Noticed an ogre
  4722 | D:4      | Killed an ogre
  4722 | D:4      | Reached XP level 7. HP: 37/37 MP: 3/13
  4812 | D:4      | Reached skill level 5 in Earth Magic
  5124 | D:4      | Offered knowledge of Throw Frost by Vehumet.
  5128 | D:4      | Learned a level 2 spell: Throw Frost
  5183 | D:4      | Killed Schiappus's ghost
  5183 | D:4      | Reached skill level 1 in Fighting
  5183 | D:4      | Reached skill level 1 in Maces & Flails
  5183 | D:4      | Reached skill level 5 in Spellcasting
  5183 | D:4      | Reached XP level 8. HP: 43/43 MP: 8/15
  5373 | D:4      | Found a shimmering altar of Xom.
  5802 | D:5      | Entered Level 5 of the Dungeon
  5879 | D:5      | Reached ** piety under Vehumet
  6423 | D:5      | Noticed Menkaure
  6428 | D:5      | Killed Menkaure
  6621 | D:5      | Found a burning altar of Makhleb.
  6706 | D:5      | Reached XP level 9. HP: 21/48 MP: 1/18
  7215 | D:6      | Noticed manon's ghost (novice DEWz)
  7227 | D:6      | HP: 2/48 [manon's ghost (1)]
  7235 | D:6      | Killed manon's ghost
  7714 | D:6      | Gained mutation: You are dopey. (Int -2) [potion of mutation]
  7714 | D:6      | Gained mutation: You expend magic power (3 MP) to strengthen your wands. [potion of mutation]
  7714 | D:6      | Gained mutation: You possess an exceptional clarity of mind. [potion of mutation]
  7812 | D:6      | Offered knowledge of Inner Flame by Vehumet.
  7926 | D:6      | Learned a level 5 spell: Lee's Rapid Deconstruction
  8134 | D:6      | Noticed Sigmund
  8179 | D:6      | Killed Sigmund
  8179 | D:6      | Reached skill level 5 in Conjurations
  8785 | D:6      | Slain by a hog

Skill      XL: |  1  2  3  4  5  6  7  8  9 |
---------------+----------------------------+-----
Stealth        | 3 4 |  4.2
Spellcasting   | 3 4 5 6 7 |  7.5
Conjurations   | 1 2 3 4 5 |  5.2
Earth Magic    | 4 5 6 7 |  7.3
Armour         | 1 2 |  2.9
Fighting       | 1 2 |  2.4
Maces & Flails | 1 |  1.6
Dodging        | 3 4 |  4.2
Transmutations | |  1.0

Action                   |  1- 3 |  4- 6 |  7- 9 || total
-------------------------+-------+-------+-------++-------
Melee: Unarmed           |    16 |       |       ||    16
       Mace              |       |     6 |    10 ||    16
       Staff             |       |       |     6 ||     6
 Cast: Sandblast         |    39 |    29 |    36 ||   104
       Stone Arrow       |    19 |    42 |   107 ||   168
       Throw Frost       |       |       |     1 ||     1
  Use: Potion            |     3 |       |    10 ||    13
       Scroll            |       |       |    11 ||    11
  Eat: Chunk             |     7 |    12 |    17 ||    36
       Meat ration       |       |     1 |       ||     1
Armor: Robe              |    11 |       |       ||    11
       Leather armour    |       |     4 |     7 ||    11
       Skin              |       |       |    13 ||    13
Dodge: Dodged            |    66 |    21 |    57 ||   144
